 Dungeon Crawl Stone Soup version 0.31-a0-216-g22e908daa7 (webtiles) character file.

Game seed: 11825831870845819788

145 qw the Shooter (level 5, -2/30 HPs)
             Began as a Gargoyle Hexslinger on July 2, 2023.
             Slain by a river rat (5 damage)
             ... summoned by Eustachio
             ... on level 6 of the Dungeon.
             The game lasted 00:00:44 (1930 turns).

qw the Shooter (Gargoyle Hexslinger)                Turns: 1930, Time: 00:00:44

Health: -2/30      AC:  7    Str: 12    XL:     5   Next: 27%
Magic:  6/6        EV: 11    Int: 13    God:
Gold:   138        SH:  0    Dex: 14    Spells: 5/6 levels left

rFire   . . .        Y - +1 sling
rCold   . . .        (no shield)
rNeg    + . .        e - +0 leather armour
rPois   inf          (no helmet)
rElec   +            (no cloak)
rCorr   .            (no gloves)
SInv    +            (no boots)
Will    .....        (no amulet)
Stlth   +            b - ring of see invisible
HPRegen 0.25/turn    (no ring)
MPRegen 0.10/turn

%: no passive effects
@: no status effects
A: sickness immunity, AC +4, negative energy resistance 1, electricity
resistance, torment resistance 1, petrification resistance
a: no special abilities


You were on level 6 of the Dungeon.
You visited 1 branch of the dungeon, and saw 4 of its levels.

You collected 138 gold pieces.


Innate Abilities, Weirdness & Mutations

You are immune to sickness and miasma.
Your stone body is resilient. (AC +4)
You are immune to poison.
You resist negative energy. (rN+)
You are resistant to electric shocks. (rElec)
You are resistant to unholy torment.
You are immune to petrification.


   Skills:
 + Level 2.2 Fighting
 - Level 5.0 Ranged Weapons
 - Level 1.5 Dodging
 - Level 1.0 Spellcasting
 - Level 2.6 Hexes


You had 5 spell levels left.
You knew the following spells:

 Your Spells              Type           Power      Damage    Failure   Level
a - Slow                  Hex            28%        N/A       12%         1

Your spell library contained the following spells:

 Spells                   Type           Power      Damage    Failure   Level
 Inner Flame              Hex/Fire       4%         N/A       52%         3
 Portal Projectile        Hex/Tloc       8%         N/A       52%         3
 Cause Fear               Hex            3%         N/A       75%         4

Inventory:

Hand Weapons
 Y - a +1 sling (weapon)
Armour
 a - a +0 pair of boots
 d - a +0 cloak
 e - a +0 leather armour (worn)
 i - a +0 ring mail
Jewellery
 b - a ring of see invisible (left hand)
 j - an amulet of the acrobat
Scrolls
 l - a scroll of teleportation {unknown}
Potions
 c - a potion of heal wounds {unknown}
 f - a potion of lignification {unknown}
 g - a potion of degeneration {unknown}
 h - a potion of ambrosia {unknown}
 k - a potion of resistance {unknown}
 m - a potion of curing
 n - 2 potions of haste {unknown}

Dungeon Overview and Level Annotations

Branches:
Dungeon (3/15)

Altars:
Trog

Shops:
D:6 (

Annotations:
D:6 Eustachio


Message History

You shoot a sling bullet.
The sling bullet hits Eustachio but does no damage.
Eustachio casts a spell.
You shoot a sling bullet. The sling bullet hits Eustachio!
Eustachio is lightly wounded.
Eustachio hits you but does no damage. The river rat barely misses you.
The rat barely misses you.
You shoot a sling bullet.
The sling bullet closely misses Eustachio.
The sling bullet hits the adder but does no damage.
Eustachio gestures wildly while chanting.
The river rat misses you. The rat barely misses you.
The rat bites you but does no damage.
You shoot a sling bullet.
The sling bullet closely misses Eustachio.
The sling bullet hits the adder!
The adder is almost dead.
The rat disappears in a puff of smoke! x2; Eustachio hits you with a +0 rapier.
The river rat barely misses you. The rat bites you but does no damage.
You shoot a sling bullet. The sling bullet misses Eustachio.
The sling bullet hits the adder.
You kill the adder!
Eustachio hits you with a +0 rapier! The river rat closely misses you.
The rat bites you but does no damage. The river rat barely misses you.
The river rat bites you. Eustachio hits you with a +0 rapier.
You shoot a sling bullet.
The sling bullet barely misses Eustachio.
The river rat bites you. The rat barely misses you. The river rat bites you.
The river rat bites you but does no damage.
Eustachio closely misses you.
The river rat bites you but does no damage.
You shoot a sling bullet.
The sling bullet closely misses Eustachio.
The rat bites you but does no damage.
The river rat bites you but does no damage.
The river rat closely misses you. Eustachio closely misses you.
The river rat closely misses you.
You shoot a sling bullet. The sling bullet misses Eustachio.
The rat bites you. The river rat bites you.
You die...

# ##### ###########
######....
..........###.......#
........#.........(.##
##...#..#####..rr....#
##..##..# #..r@r...#
#...###.## ####@#...#
.._.##...##### #%#
.....
#.................
>...
###.....#........#.
...
###...###........###
## ......# ........#
......# .......#
..##### #####


You could see Eustachio, 3 river rats and a rat (summoned).

Vanquished Creatures
  A sleepcap (D:6)
  Natasha (twice) (D:2)
  2 adders
  3 dart slugs
  3 orcs (D:6)
  3 bats
  3 endoplasms
  3 giant cockroaches
  2 goblins (D:1)
  2 hobgoblins (D:1)
  4 jackals (D:2)
  2 quokkas
  A ball python (D:1)
  7 frilled lizards
  3 kobolds
  7 rats
48 creatures vanquished.

Notes
Turn   | Place    | Note
-------+----------+-------------------------------------------
     0 | D:1      | qw the Gargoyle Hexslinger began the quest for the Orb.
     0 | D:1      | Reached XP level 1. HP: 12/12 MP: 2/2
     0 | D:1      | 0 ||| qw: Version: 0.3-a-39-g4513739
     0 | D:1      | 0 ||| qw: Game counter: 7878
     0 | D:1      | 0 ||| qw: Melee chars always use a shield: true
     0 | D:1      | 0 ||| qw: God list: Okawaru
     0 | D:1      | 0 ||| qw: Allow faded altars: false
     0 | D:1      | 0 ||| qw: Do Orc after clearing Dungeon:15 true
     0 | D:1      | 0 ||| qw: Do second Lair branch before Depths: true
     0 | D:1      | 0 ||| qw: Lair rune preference: random
     0 | D:1      | 0 ||| qw: Goals: Normal
     0 | D:1      | 0 ||| PLANNING D:1-11
    97 | D:1      | Reached XP level 2. HP: 16/16 MP: 3/3
   171 | D:1      | Reached skill level 3 in Ranged Weapons
   449 | D:1      | 449 ||| UPGRADING to +0 leather armour.
   459 | D:1      | 459 ||| DROPPING +0 robe.
   460 | D:1      | 460 ||| DROPPING scroll of poison.
   491 | D:2      | Noticed Natasha
   634 | D:2      | Reached XP level 3. HP: 21/21 MP: 4/4
  1091 | D:2      | 1091 ||| FLEEEEING.
  1092 | D:2      | 1092 ||| FLEEEEING.
  1374 | D:2      | 1374 ||| UPGRADING to ring of see invisible.
  1375 | D:2      | 1375 ||| READING scroll labelled XEHUUVV EXUIP.
  1476 | D:2      | 1476 ||| READING scroll labelled TUD ENNALUQOS.
  1477 | D:2      | 1477 ||| READING scroll labelled BAPSESKAZECS.
  1505 | D:3      | 1505 ||| STAIRDANCE
  1509 | D:2      | Killed Natasha
  1510 | D:2      | Reached skill level 4 in Ranged Weapons
  1510 | D:2      | Reached XP level 4. HP: 19/26 MP: 5/5
  1525 | D:2      | Noticed Natasha
  1532 | D:2      | Killed Natasha
  1747 | D:3      | You fall into a shaft and drop 3 floors!
  1749 | D:6      | Found Daici Dosoi's Antique Weapon Boutique.
  1769 | D:6      | HP: 6/26 [sleepcap (7)]
  1772 | D:6      | Reached XP level 5. HP: 8/30 MP: 6/6
  1877 | D:6      | Reached skill level 5 in Ranged Weapons
  1881 | D:6      | Found a bloodstained altar of Trog.
  1918 | D:6      | Noticed Eustachio
  1928 | D:6      | HP: 4/30 [river rat[Eustachio] (4)]
  1930 | D:6      | Slain by a river rat

Levels and vault maps discovered:
D:1:      amcnicky_arrival_choice, layout_rooms
D:2:      layout_basic, uniq_natasha
D:3:      layout_rooms, nicolae_elevator_lobby_plus
D:6:      layout_basic, trog_three_pillars_becter, serial_shops, shop_fountains,
          nicolae_inconvenience_store, shop, uniq_prince_ribbit1,
          uniq_eustachio, uniq_edmund

Skill      XL: |  1  2  3  4  5 |
---------------+----------------+-----
Ranged Weapons | 3 4 5 |  5.0
Fighting       | 2 |  2.2
Dodging        | |  1.5
Spellcasting   | |  1.0
Hexes          | |  2.6

Action                     |  1- 3 |  4- 6 || total
---------------------------+-------+-------++-------
   Fire: Sling             |   106 |    59 ||   165
    Use: Scroll            |     3 |       ||     3
 Armour: Robe              |     6 |       ||     6
         Leather armour    |     8 |    15 ||    23
  Dodge: Dodged            |    42 |    23 ||    65

Table legend:
 A = Non-vault XP
 B = Vault XP
 C = Vault XP percentage of total XP
 D = Non-vault monster count
 E = Vault monster count
 F = Vault count percentage of total count
                 A         B        C        D         E       F
            +---------+---------+-------+---------+---------+-------
      Total |     173 |      35 |  16.8 |      47 |       1 |   2.1
            +---------+---------+-------+---------+---------+-------
        D:1 |      32 |       0 |   0.0 |      22 |       0 |   0.0
        D:2 |      60 |      35 |  36.8 |      15 |       1 |   6.2
        D:3 |      21 |       0 |   0.0 |       5 |       0 |   0.0
        D:6 |      60 |       0 |   0.0 |       5 |       0 |   0.0
            +---------+---------+-------+---------+---------+-------
